 Dungeon Crawl Stone Soup version 0.32-a0-898-g7811c86cf0 (webtiles) character file.

Game seed: 12164756399877936757

1434 zazu2006 the Prestidigitator (level 8, -1/64 HPs)
             Began as a Gnoll Wanderer on Apr 4, 2024.
             Slain by an orc wizard
             ... wielding a +0 dagger
              (4 damage)
             ... on level 5 of the Dungeon.
             The game lasted 00:08:55 (3031 turns).

zazu2006 the Prestidigitator (Gnoll Wanderer)       Turns: 3031, Time: 00:08:55

Health: -1/64      AC:  2    Str: 11    XL:     8   Next: 73%
Magic:  19/20      EV: 12    Int: 18    God:
Gold:   126        SH:  0    Dex: 14    Spells: 22/23 levels left

rFire   + + .        q - +3 flail "Pestur" {drain, rF+ Will- Int+6 Stlth+}
rCold   + . .        (no shield)
rNeg    . . .        d - +0 robe
rPois   +            (no helmet)
rElec   +            (no cloak)
rCorr   +            (no gloves)
SInv    .            (no boots)
Will    .....        (no amulet)
Stlth   ++++         (no ring)
HPRegen 0.30/turn    (no ring)
MPRegen 0.17/turn

%: no passive effects
@: resistant
A: fangs 1, strong nose, distributed training
a: no special abilities


You were on level 5 of the Dungeon.
You visited 1 branch of the dungeon, and saw 5 of its levels.
You also visited: Ossuary.

You collected 350 gold pieces.
You spent 224 gold pieces at shops.

Inventory:

Hand Weapons
 a - a +0 dagger
 f - a +4 hand axe
 q - the +3 flail "Pestur" (weapon) {drain, rF+ Will- Int+6 Stlth+}
   (You bought it in a shop on level 4 of the Dungeon)

   Int+6:     It affects your intelligence (+6).
   rF+:       It protects you from fire.
   Will-:     It decreases your willpower.
   Stlth+:    It makes you more stealthy.
Armour
 d - a +0 robe (worn)
Scrolls
 b - 4 scrolls of teleportation
 e - a scroll of fog {unknown}
 g - a scroll of identify {unknown}
 k - a scroll of brand weapon {unknown}
 l - 4 scrolls of enchant armour {unknown}
 r - a scroll of torment {unknown}
Potions
 c - a potion of attraction
 h - a potion of magic {unknown}
 i - a potion of resistance
 m - a potion of ambrosia {unknown}
 n - a potion of berserk rage {unknown}
 o - 2 potions of heal wounds {unknown}
 p - a potion of brilliance {unknown}


   Skills:
 + Level 5.9 Fighting
 + Level 3.6 Short Blades
 + Level 3.6 Long Blades
 + Level 3.6 Axes
 + Level 3.6 Maces & Flails
 + Level 3.6 Polearms
 + Level 3.6 Staves
 + Level 3.6 Ranged Weapons
 + Level 3.6 Throwing
 + Level 3.6 Armour
 + Level 3.6 Dodging
 + Level 4.4 Stealth
 + Level 3.6 Shields
 + Level 3.6 Unarmed Combat
 + Level 8.1 Spellcasting
 + Level 3.0 Conjurations
 + Level 3.0 Hexes
 + Level 3.0 Summonings
 + Level 3.0 Necromancy
 + Level 3.0 Translocations
 + Level 3.0 Fire Magic
 + Level 3.0 Ice Magic
 + Level 3.0 Air Magic
 + Level 3.0 Earth Magic
 + Level 3.0 Alchemy
 + Level 4.0 Invocations
 + Level 9.3 Evocations
 + Level 3.3 Shapeshifting


You had 22 spell levels left.
You knew the following spells:

 Your Spells              Type           Power      Damage    Failure   Level
a - Summon Small Mammal   Summ           72%        N/A       2%          1

Your spell library contained the following spells:

 Spells                   Type           Power      Damage    Failure   Level
 Fugue of the Fallen      Necr           18%        N/A       9%          3
 Ozocubu's Armour         Ice            18%        N/A       9%          3
 Summon Ice Beast         Ice/Summ       18%        N/A       9%          3
 Tukima's Dance           Hex            18%        N/A       9%          3
 Dimensional Bullseye     Hex/Tloc       9%         N/A       28%         4
 Iskenderun's Mystic Bla Conj/Tloc 18%            2d6        (+2d2     28%         4
 Manifold Assault         Tloc           9%         N/A       100%        7


Dungeon Overview and Level Annotations

Branches:
Dungeon (5/15)            Ossuary (visited)
 Temple: D:4-7

Altars:

Shops:
D:4 *(*(!


Innate Abilities, Weirdness & Mutations

You have very sharp teeth.
Your uncanny sense of smell can sniff out nearby items.
Your experience applies equally to all skills.


Message History

You barely miss the orc. The orc closely misses you.
You hear some strange, mumbled words.
You are confused.
Unknown command.
You feel better. The orc barely misses you.
Something hits you but does no damage.
Casting: Summon Small Mammal (safe; 2% risk of failure)
Confirm with . or Enter, or press ? or * to list all spells.
The orc hits you with a +0 morningstar. Something hits you.
The orc barely misses you. Something hits you.
Your quokka bites the orc.
Things that are here:
a +0 hand axe; an orc corpse You thump the orc!
You kill the orc!
Something hits you.
You closely miss something. Your bite misses something.
You hear some strange, mumbled words.
A magic dart appears from out of thin air!
The magic dart hits you!
* * * LOW HITPOINT WARNING * * *
Unknown command.
You hit something. Something hits you.
* * * LOW HITPOINT WARNING * * *
Something hits you.
* * * LOW HITPOINT WARNING * * *
You hit something.
You hear some strange, mumbled words.
A puff of flame appears from out of thin air!
The puff of flame hits you! You resist.
* * * LOW HITPOINT WARNING * * *
Unknown command.
Casting: Summon Small Mammal (safe; 2% risk of failure)
Confirm with . or Enter, or press ? or * to list all spells.
Something hits you.
* * * LOW HITPOINT WARNING * * *
It was a potion of resistance.
You feel protected. Something barely misses you.
You hit something. Something hits you.
You die...

.....# ### ..?....∆ ..
####### ......#
#.#####...... ......
.....#.##### ...#
#.##.#.#
#######.#####.##.#.#####
...........†..†.........
#...$.r.)###.#......###
#.....@{.'...#...####
#....r...#####...###
#........# #.....#
#........# #.....####
#........# ##........
#...)....# #........
#........# #........
#.....#### #)...###.
#....###.


You could see 2 friendly quokkas.

Vanquished Creatures
  Grinder (D:3)
  Edmund (D:5)
  An ice beast (D:5)
  A black bear (D:4)
  2 ogres
  2 scorpions (D:4)
  2 burial acolytes (Ossuary)
  A howler monkey (D:5)
  2 bombardier beetles
  A hound (D:5)
  2 human zombies (Ossuary)
  An orc priest (D:4)
  2 iguanas
  2 orc wizards
  2 mummies (Ossuary)
  4 adders
  2 adder zombies (Ossuary)
  16 orcs
  A ball python (D:1)
  2 endoplasms (D:4)
  A hobgoblin (D:1)
  2 kobolds
  A quokka (D:3)
  3 bats
55 creatures vanquished.

Vanquished Creatures (collateral kills)
  An ogre (D:5)
  A scorpion (D:5)
  A white imp (D:5)
  An orc (D:5)
  A giant cockroach (D:4)
  A kobold zombie (Ossuary)
6 creatures vanquished.

Grand Total: 61 creatures vanquished

Notes
Turn   | Place    | Note
-------+----------+-------------------------------------------
     0 | D:1      | zazu2006 the Gnoll Wanderer began the quest for the Orb.
     0 | D:1      | zazu2006 set off with the following items: a +0 dagger, a
                  | scroll of teleportation, a potion of attraction, a +0 robe,
                  | a wand of flame (17); and the following spell memorised:
                  | Summon Small Mammal; and the following spells available to
                  | memorise: Summon Ice Beast.
     0 | D:1      | Reached XP level 1. HP: 20/20 MP: 8/8
   120 | D:2      | Reached XP level 2. HP: 23/26 MP: 10/10
   268 | D:2      | Reached XP level 3. HP: 19/31 MP: 11/11
   404 | D:3      | Noticed Grinder
   418 | D:3      | Killed Grinder
   419 | D:3      | Reached skill level 1 in Short Blades
   419 | D:3      | Reached skill level 1 in Long Blades
   419 | D:3      | Reached skill level 1 in Axes
   419 | D:3      | Reached skill level 1 in Maces & Flails
   419 | D:3      | Reached skill level 1 in Polearms
   419 | D:3      | Reached skill level 1 in Staves
   419 | D:3      | Reached skill level 1 in Ranged Weapons
   419 | D:3      | Reached skill level 1 in Throwing
   419 | D:3      | Reached skill level 1 in Armour
   419 | D:3      | Reached skill level 1 in Dodging
   419 | D:3      | Reached skill level 1 in Shields
   419 | D:3      | Reached skill level 1 in Unarmed Combat
   419 | D:3      | Reached skill level 1 in Conjurations
   419 | D:3      | Reached skill level 1 in Hexes
   419 | D:3      | Reached skill level 1 in Summonings
   419 | D:3      | Reached skill level 1 in Necromancy
   419 | D:3      | Reached skill level 1 in Translocations
   419 | D:3      | Reached skill level 1 in Fire Magic
   419 | D:3      | Reached skill level 1 in Ice Magic
   419 | D:3      | Reached skill level 1 in Air Magic
   419 | D:3      | Reached skill level 1 in Earth Magic
   419 | D:3      | Reached skill level 1 in Alchemy
   419 | D:3      | Reached skill level 1 in Shapeshifting
   419 | D:3      | Reached XP level 4. HP: 26/38 MP: 10/13
   419 | D:3      | Reached XP level 5. HP: 29/43 MP: 10/14
   543 | D:4      | Reached skill level 5 in Fighting
   543 | D:4      | Reached XP level 6. HP: 17/51 MP: 13/16
   548 | D:4      | Found Tushih's Distillery.
   566 | D:4      | Bought a potion of degeneration for 12 gold pieces
   807 | D:4      | Found Ewuanoal's Assorted Antiques.
   871 | D:4      | Found Kagu's Antique Weapon Shoppe.
   899 | D:4      | Noticed a black bear
   919 | D:4      | Killed a black bear
   920 | D:4      | Reached XP level 7. HP: 32/56 MP: 15/18
  1062 | D:4      | Found a sand-covered staircase.
  1089 | Ossuary  | Entered an ossuary
  1089 | Ossuary  | Found a huge runed translucent gate.
  1089 | Ossuary  | Found a huge runed translucent gate.
  1089 | Ossuary  | Found a huge runed translucent gate.
  1089 | Ossuary  | Found a huge runed translucent gate.
  1089 | Ossuary  | Found a huge runed translucent gate.
  1089 | Ossuary  | Found a huge runed translucent gate.
  1089 | Ossuary  | Found a huge runed translucent gate.
  1089 | Ossuary  | Found a huge runed translucent gate.
  1090 | Ossuary  | Found a huge runed translucent gate.
  1090 | Ossuary  | Found a huge runed translucent gate.
  1090 | Ossuary  | Found a huge runed translucent gate.
  1091 | Ossuary  | Found a huge runed translucent gate.
  1091 | Ossuary  | Found a huge runed translucent gate.
  1093 | Ossuary  | Found a huge runed translucent gate.
  1093 | Ossuary  | Found a huge runed translucent gate.
  1116 | Ossuary  | Found a huge runed translucent gate.
  1116 | Ossuary  | Found a huge runed translucent gate.
  1116 | Ossuary  | Found a huge runed translucent gate.
  1116 | Ossuary  | Found a huge runed translucent gate.
  1116 | Ossuary  | Found a huge runed translucent gate.
  1117 | Ossuary  | Found a huge runed translucent gate.
  1117 | Ossuary  | Found a huge runed translucent gate.
  1211 | Ossuary  | Found a huge runed translucent gate.
  1211 | Ossuary  | Found a huge runed translucent gate.
  1212 | Ossuary  | Found a huge runed translucent gate.
  1212 | Ossuary  | Found a huge runed translucent gate.
  1213 | Ossuary  | Found a huge runed translucent gate.
  1213 | Ossuary  | Found a huge runed translucent gate.
  1215 | Ossuary  | Found a huge runed translucent gate.
  1215 | Ossuary  | Found a huge runed translucent gate.
  1263 | Ossuary  | Found a huge runed translucent gate.
  1263 | Ossuary  | Found a huge runed translucent gate.
  1263 | Ossuary  | Found a huge runed translucent gate.
  1263 | Ossuary  | Found a huge runed translucent gate.
  1263 | Ossuary  | Found a huge runed translucent gate.
  1296 | Ossuary  | Reached skill level 9 in Evocations
  1921 | D:4      | Found Eduhorec's Antique Weapon Shop.
  1945 | D:4      | Bought a smoking flail for 212 gold pieces
  1945 | D:4      | Identified the +3 flail "Pestur" {drain, rF+ Will- Int+6
                  | Stlth+} (You bought it in a shop on level 4 of the Dungeon)
  1963 | D:4      | Found Dise's General Store.
  2023 | D:4      | HP: 1/56 [orc priest/+0 whip (2)]
  2252 | D:5      | Entered Level 5 of the Dungeon
  2315 | D:5      | Reached XP level 8. HP: 27/63 MP: 19/19
  2380 | D:5      | Noticed Edmund
  2624 | D:5      | Killed Edmund
  3029 | D:5      | HP: 2/64 [something (4)]
  3031 | D:5      | Slain by an orc wizard

Illustrated notes

Levels and vault maps discovered:
D:1:      scummos_arrival_forest, layout_basic, minmay_tall_x
D:2:      layout_loops_cross
D:3:      layout_loops_corners, grunt_temple_overflow_champion_of_chaos,
          mainiacjoe_overflow_24_doors, uniq_grinder, uniq_crazy_yiuf_cottage,
          uniq_ijyb
D:4:      layout_gridville, serial_shops, shop, shop, nicolae_shop_stone,
          nicolae_shop_industrial_runoff, nicolae_shop_stone,
          nicolae_ossuary_entry_false_entrances, grunt_ministairs_13
D:5:      layout_basic, uniq_edmund, uniq_blork_the_orc

Skill      XL: |  1  2  3  4  5  6  7  8 |
---------------+-------------------------+-----
Short Blades   | 1 2 3 |  3.6
Long Blades    | 1 2 3 |  3.6
Axes           | 1 2 3 |  3.6
Maces & Flails | 1 2 3 |  3.6
Polearms       | 1 2 3 |  3.6
Staves         | 1 2 3 |  3.6
Ranged Weapons | 1 2 3 |  3.6
Throwing       | 1 2 3 |  3.6
Armour         | 1 2 3 |  3.6
Dodging        | 1 2 3 |  3.6
Stealth        | 3 4 |  4.4
Shields        | 1 2 3 |  3.6
Unarmed Combat | 1 2 3 |  3.6
Conjurations   | 1 2 3 |  3.0
Hexes          | 1 2 3 |  3.0
Summonings     | 1 2 3 |  3.0
Necromancy     | 1 2 3 |  3.0
Translocations | 1 2 3 |  3.0
Fire Magic     | 1 2 3 |  3.0
Ice Magic      | 1 2 3 |  3.0
Air Magic      | 1 2 3 |  3.0
Earth Magic    | 1 2 3 |  3.0
Alchemy        | 1 2 3 |  3.0
Invocations    | 2 3 4 |  4.0
Shapeshifting  | 1 2 3 |  3.3
Fighting       | 5 |  5.9
Evocations     | 9 |  9.3
Spellcasting   | 8 |  8.1

Action                     |  1- 3 |  4- 6 |  7- 9 || total
---------------------------+-------+-------+-------++-------
  Melee: Dagger            |    12 |       |       ||    12
         Hand axe          |    18 |    25 |    70 ||   113
         Bite              |     1 |     2 |    19 ||    22
         Flail             |       |       |    76 ||    76
   Cast: Summon Small Mamm |     7 |    10 |    39 ||    56
  Evoke: Wand              |     7 |     9 |     1 ||    17
    Use: Potion            |       |       |     3 ||     3
   Stab: Distracted        |     1 |     1 |     2 ||     4
         Sleeping          |     1 |       |     2 ||     3
 Armour: Robe              |    20 |    19 |    91 ||   130
  Dodge: Dodged            |    34 |    19 |    68 ||   121

Table legend: (Time is in decaauts)
 A = Elapsed time spent in this place.
 B = Non-inter-level travel time spent in this place.
 C = Inter-level travel time spent in this place.
 D = Time resting spent in this place.
 E = Time spent auto-exploring this place.
 F = Levels seen in this place.
 G = Mean time per level.
                   A        B        C        D        E       F      G
               +--------+--------+--------+--------+--------+-----+--------+
         Total |   3070 |   3051 |     19 |      0 |   2181 |   6 |  511.7 |
       Dungeon |   2646 |   2627 |     19 |      0 |   1877 |   5 |  529.2 |
       Ossuary |    423 |    423 |      0 |      0 |    304 |   1 |  423.0 |
               +--------+--------+--------+--------+--------+-----+--------+

Top non-repeatable levels by time:
     D:4: 1384 daAuts
     D:5: 725 daAuts
 Ossuary: 423 daAuts
     D:2: 251 daAuts
     D:3: 246 daAuts
     D:1: 40 daAuts
